 Dungeon Crawl Stone Soup version 0.29.1-13-g9f3cf754e1 (webtiles) character file.

Game seed: 9439891570082393277

22 croobank the Sneak (level 2, -2/26 HPs)
             Began as a Draconian Delver on Jan 29, 2023.
             Succumbed to a scorpion's poison
             ... on level 4 of the Dungeon.
             The game lasted 00:06:09 (833 turns).

croobank the Sneak (Draconian Delver)                Turns: 833, Time: 00:06:10

Health: -2/26      AC:  4    Str: 14    XL:     2   Next: 68%
Magic:  2/2        EV: 12    Int: 10    God:
Gold:   50         SH:  0    Dex: 12    Spells: 1/1 levels left

rFire   . . .      SeeInvis .   a - +0 hand axe
rCold   . . .      Faith    .   (no shield)
rNeg    . . .      Spirit   .   (body armour unavailable)
rPois   .          Reflect  .   (helmet restricted)
rElec   .          Harm     .   (no cloak)
rCorr   .          Rampage  .   (no gloves)
Will    .....                   (no boots)
Stlth   +++.......              (no amulet)
HPRegen 0.08/turn               (no ring)
MPRegen 0.08/turn               (no ring)

@: lethally poisoned (-2 -> -15)
A: AC +4, unfitting armour, cold-blooded
a: no special abilities


You were on level 4 of the Dungeon.
You visited 1 branch of the dungeon, and saw 3 of its levels.

You collected 50 gold pieces.

Inventory:

Hand Weapons
 a - a +0 hand axe (weapon)
 b - a +0 sling
 c - a +0 dagger
 h - a +0 flail
 j - a +0 short sword
Wands
 f - a wand of digging (1)
Scrolls
 g - 2 scrolls of fog


   Skills:
 + Level 3.6 Fighting
 + Level 2.3 Axes
 + Level 2.1 Dodging
 + Level 4.7 Stealth


You had one spell level left.
You didn't know any spells.
Your spell library contained the following spells:

 Spells                   Type           Power      Damage    Failure   Level
 Call Canine Familiar     Summ           0%         N/A       75%         3
 Portal Projectile        Hex/Tloc       0%         N/A       75%         3
 Leda's Liquefaction      Hex/Erth       0%         N/A       98%         4


Dungeon Overview and Level Annotations

Branches:
Dungeon (6/15)
 Temple: D:4-7

Altars:


Innate Abilities, Weirdness & Mutations

Your plain brown scales are hard. (AC +4)
You cannot fit into any form of body armour.
You are cold-blooded and may be slowed by cold attacks.


Message History

The scorpion stings you but does no damage.
You hit the scorpion.
The scorpion is heavily wounded.
The scorpion stings you.
You are poisoned.
The scorpion poisons you!
The scorpion stings you but does no damage.
You closely miss the scorpion.
The scorpion is heavily wounded.
You feel sick. The scorpion stings you.
* * * LOW HITPOINT WARNING * * *
It was a potion of curing.
You feel better. The scorpion misses you.
It was a potion of ambrosia.
You are confused.
You feel invigorated. The scorpion closely misses you.
You're too confused to move!
The scorpion stings you. The scorpion barely misses you.
You bump into the rock wall.
The scorpion stings you.
You are poisoned.
The scorpion poisons you!
You feel less invigorated.
You feel less confused.
You feel very sick. The scorpion closely misses you.
You hit the scorpion but do no damage.
The scorpion is heavily wounded.
You feel sick. The scorpion stings you.
You hit the scorpion.
The scorpion is severely wounded.
You feel sick.
The scorpion stings you but does no damage. x2
You barely miss the scorpion.
The scorpion is severely wounded.
You feel sick. The scorpion stings you.
* * * LOW HITPOINT WARNING * * *
You are more poisoned.
The scorpion poisons you! The scorpion attacks as you move away!
The scorpion stings you.
* * * LOW HITPOINT WARNING * * *
You die...

..# #... .## #... .# # #... .# #.
#... .# #.# #.#. .# ## #.####
#... )# .###s..## #######.
.###########.#.#.#.#######.......
..............##@##.#....>.......
.##########..............#.......
.# #.#.##.##.#.##.#....... .#
#.##.#.#.##.##.#.......
.##########.###...###.##.#.......
............# ##.###...#.#.......
############# #.##..............
##.#.......#.##.###
#............##.# #


You could see a scorpion.

Vanquished Creatures
  An adder (D:4)
  2 orcs
  2 ball pythons (D:4)
  4 goblins (D:4)
  A hobgoblin (D:4)
10 creatures vanquished.

Notes
Turn   | Place    | Note
-------+----------+-------------------------------------------
     0 | D:5      | croobank the Draconian Delver began the quest for the Orb.
     0 | D:5      | Reached XP level 1. HP: 19/19 MP: 1/1
    22 | D:6      | Noticed a scorpion
    35 | D:6      | Noticed a hound
    35 | D:6      | Noticed a scorpion
    80 | D:5      | Noticed a phantom
   342 | D:4      | Noticed an iguana
   401 | D:4      | Reached XP level 2. HP: 12/26 MP: 2/2
   807 | D:4      | Noticed a scorpion
   833 | D:4      | HP: 1/26 [scorpion (3)]
   833 | D:4      | Succumbed to a scorpion's poison

Illustrated notes

Levels and vault maps discovered:
D:4:      layout_loops_ring
D:5:      layout_basic, mainiacjoe_overflow_catwalk_spiral, serial_shops, shop,
          gammafunk_ghost_mausoleum, minmay_crystal_water
D:6:      layout_gridville, chequers_temple_overflow_statue_of_worship,
          dancing_weapons_uskayaw, uniq_pikel

Skill      XL: |  1 |
---------------+----+-----
Dodging        | 2 |  2.1
Fighting       | |  3.6
Axes           | |  2.3
Stealth        | |  4.7

Action                   || total
-------------------------++-------
Melee: Hand axe          ||    37
       Tailslap          ||     5
       Dagger            ||    10
       Punch             ||     1
 Fire: Sling             ||     2
Evoke: Wand              ||     2
  Use: Scroll            ||     3
       Potion            ||     3
 Stab: Sleeping          ||     4
Armor: Skin              ||    19
Dodge: Dodged            ||    32
